 Dungeon Crawl Stone Soup version 0.25.0-41-g26779e291d (webtiles) character file.

Game seed: 11988936803888731959

246 botvinik the Ruffian (level 5, -1/45 HPs)
             Began as a Draconian Transmuter on July 10, 2020.
             Killed by nerve-wracking pain
             ... invoked by Menkaure
              (4 damage)
             ... on level 4 of the Dungeon.
             The game lasted 00:21:16 (4992 turns).

botvinik the Ruffian (Draconian Transmuter)         Turns: 4992, Time: 00:21:19

Health: -1/45      AC:  5    Str: 13    XL:     5   Next: 84%
Magic:  3/9        EV: 13    Int: 13    God:
Gold:   141        SH:  0    Dex: 12    Spells: 7/10 levels left

rFire    . . .     SeeInvis .     - Unarmed
rCold    . . .     Gourm    .   (no shield)
rNeg     . . .     Faith    .   (armour unavailable)
rPois    .         Spirit   .   (helmet restricted)
rElec    .         Reflect  .   (no cloak)
rCorr    .         Harm     .   (no gloves)
MR       .....                  (no boots)
Stlth    +.........             (no amulet)
HPRegen  0.15/turn              (no ring)
MPRegen  0.11/turn              (no ring)

@: appendage (expiring)
A: unfitting armour, horns 2, cold-blooded, AC +5
a: End Transformation


You were on level 4 of the Dungeon.
You were not hungry.
You had grown temporary horns.
You visited 1 branch of the dungeon, and saw 4 of its levels.

You collected 141 gold pieces.

Inventory:

Missiles
 a - 36 arrows
Armour
 j - a +0 tower shield
 k - a +0 pair of boots
Scrolls
 d - a scroll of teleportation {unknown}
 f - 3 scrolls of identify {unknown}
 i - 3 scrolls of amnesia {unknown}
 o - 4 scrolls of remove curse {unknown}
 q - a scroll of magic mapping {unknown}
Potions
 b - 2 potions of magic {unknown}
 e - a potion of might {unknown}
 g - 3 potions of curing {unknown}
 h - 2 potions of stabbing {unknown}
 l - 4 potions of mutation {unknown}
 m - 2 potions of cancellation {unknown}
 p - a potion of invisibility {unknown}
 r - a potion of haste {unknown}
Comestibles
 c - 5 rations
 n - 2 chunks of flesh


   Skills:
 - Level 3.0 Fighting
 + Level 2.9 Dodging
 + Level 4.0 Unarmed Combat
 - Level 3.0 Spellcasting
 + Level 3.2 Transmutations


You had 7 spell levels left.
You knew the following spells:

 Your Spells              Type           Power        Failure   Level  Hunger
a - Beastly Appendage     Tmut           ##....       6%          1    #......
b - Sticks to Snakes      Tmut           ##......     9%          2    ###....

Your spell library contained the following spells:

 Spells                   Type           Power        Failure   Level  Hunger
 Spider Form              Tmut/Pois      #.........   34%         3    ###....
 Ice Form                 Ice/Tmut       #.......     75%         4    #####..
 Blade Hands              Tmut           ##........   86%         5    ######.


Dungeon Overview and Level Annotations

Branches:
Dungeon (4/15)
 Temple: D:4-7

Altars:
Kikubaaqudgha
Ru
Zin

Shops:
D:4 *

Annotations:
D:3 1 runed translucent door, farkougg's ghost, amateur OpTm
D:4 Menkaure


Innate Abilities, Weirdness & Mutations

Your plain brown scales are hard. (AC +5)
You cannot fit into any form of body armour.
You are cold-blooded and may be slowed by cold attacks.
You have a pair of horns on your head.


Message History

Menkaure closely misses your ball python.
Your ball python bites Menkaure.
Your ball python constricts Menkaure.
Menkaure hits your ball python!!
Your ball python dies!
Casting: Beastly Appendage (safe; 6% risk of failure)
Confirm with . or Enter, or press ? or * to list all spells.
You create a snake!
You now have 36 arrows.
Your ball python bites Menkaure but does no damage.
Your ball python constricts Menkaure.
Menkaure struggles to escape constriction.
Your transformation is almost over.
Your ball python bites Menkaure.
Your ball python constricts Menkaure.
Menkaure struggles to escape constriction.
Your ball python bites Menkaure but does no damage.
Your ball python constricts Menkaure.
Your adder bites Menkaure but does no damage.
Menkaure's bandages flutter.
Menkaure points at you and mumbles some strange words.
Pain shoots through your body!
You die...

#.#......###### #.#
..............# #.#
...#.#........# #.#
.).........#..# #.#
...#.#....#...# #####.###
####.########## #.......#
##.## #.###.#.# ##.##
####.......# ..##
#..@..##...# ##.#
#.##..##...# #..
#.##..##...####
##############....SM........
............##.##.S.....###
≈≈≈≈≈≈≈≈≈≈≈≈≈#.....#....#
≈≈≈≈≈≈≈≈≈≈≈≈≈#..........#
............##.##.........
#####'########. #......∩....


You could see Menkaure (fast), a friendly adder and a friendly ball python.

Vanquished Creatures
  An orc wizard (D:4)
  2 worker ants (D:4)
  A killer bee zombie (D:3)
  A hound skeleton (D:4)
  2 adders
  An ooze (D:1)
  4 worms
  3 dart slugs
  A leopard gecko (D:3)
  7 orcs
  6 bats
  A bat zombie (D:2)
  2 giant cockroaches (D:2)
  12 goblins
  9 hobgoblins
  2 jackals (D:3)
  7 kobolds
  2 quokkas (D:3)
  2 ball pythons
  5 frilled lizards
  A leopard gecko skeleton (D:4)
  A quokka skeleton (D:4)
  8 rats
  A rat zombie (D:2)
82 creatures vanquished.

Vanquished Creatures (collateral kills)
  3 adders
  A rat (D:3)
  A rat zombie (D:2)
5 creatures vanquished.

Grand Total: 87 creatures vanquished

Notes
Turn   | Place    | Note
-------+----------+-------------------------------------------
     0 | D:1      | botvinik the Draconian Transmuter began the quest for the
                  | Orb.
     0 | D:1      | Reached XP level 1. HP: 16/16 MP: 3/3
   126 | D:1      | Reached XP level 2. HP: 21/23 MP: 3/5
   130 | D:1      | Learned a level 2 spell: Sticks to Snakes
   403 | D:1      | You fall into a shaft and drop 1 floor!
   986 | D:1      | Reached XP level 3. HP: 29/29 MP: 4/6
  2573 | D:2      | Reached XP level 4. HP: 36/36 MP: 3/7
  2587 | D:2      | Found an ancient bone altar of Kikubaaqudgha.
  3020 | D:3      | Found a runed translucent door.
  3020 | D:3      | Noticed an ice beast
  3020 | D:3      | Noticed farkougg's ghost (amateur OpTm)
  3577 | D:3      | Found a glowing silver altar of Zin.
  3632 | D:3      | Reached XP level 5. HP: 35/42 MP: 5/9
  3727 | D:3      | Found a sacrificial altar of Ru.
  4903 | D:4      | Reached skill level 4 in Unarmed Combat
  4972 | D:4      | Found Nazomidu's General Store.
  4975 | D:4      | Noticed Menkaure
  4988 | D:4      | HP: 2/45 [Menkaure (12)]
  4992 | D:4      | Killed from afar by Menkaure

Illustrated notes

Levels and vault maps discovered:
D:1:      dpeg_arrival_windows_large_door, layout_basic, st_stairs_9,
          minivault_19, minmay_pentomino_t4
D:2:      layout_basic, lemuel_zombie_altar_kikubaaqudgha
D:3:      layout_loops_ring, lemuel_doored_altar, old_standard_altar,
          ebering_ghost_inner_flame
D:4:      wad_river_or_something, layout_basic, kennysheep_mini,
          lemuel_round_altar, serial_shops, shop_fountains, nicolae_shop_stone,
          shop, shop, gammafunk_ghost_smash, moated_statue, uniq_menkaure

Skill      XL: |  1  2  3  4  5 |
---------------+----------------+-----
Dodging        | 2 |  2.9
Fighting       | 2 3 |  3.0
Transmutations | 3 |  3.2
Spellcasting   | 3 |  3.0
Unarmed Combat | 4 |  4.0

Action                   |  1- 3 |  4- 6 || total
-------------------------+-------+-------++-------
Melee: Unarmed           |   146 |   162 ||   308
       Headbutt          |     8 |    12 ||    20
       Tailslap          |    16 |    15 ||    31
       Kick              |     8 |    11 ||    19
       Punch             |     1 |     3 ||     4
 Cast: Beastly Appendage |    22 |    17 ||    39
       Sticks to Snakes  |     6 |     9 ||    15
 Stab: Sleeping          |       |     1 ||     1
  Eat: Chunk             |     6 |     9 ||    15
Armor: Skin              |    48 |    24 ||    72
Dodge: Dodged            |   109 |   102 ||   211
